 Dungeon Crawl Stone Soup version 0.27.1-2-g3b301248ec (webtiles) character file.

Game seed: 2964322919481851366

72 Descartes the Shield-Bearer (level 4, -15/23 HPs)
             Began as a Vine Stalker Fighter on Oct 3, 2021.
             Demolished by an ogre (18 damage)
             ... on level 4 of the Dungeon.
             The game lasted 00:03:41 (2606 turns).

Descartes the Shield-Bearer (Vine Stalker Fighter)  Turns: 2606, Time: 00:03:41

Health: -15/23     AC:  6    Str: 20    XL:     4   Next: 26%
Magic:  0/5        EV:  7    Int:  8    God:
Gold:   137        SH: 10    Dex: 13    Spells: 3/3 levels left

rFire    . . .     SeeInvis +   a - +0 long sword
rCold    . . .     Faith    .   c - +0 kite shield
rNeg     . . .     Spirit   +   b - +0 scale mail
rPois    .         Reflect  .   (no helmet)
rElec    .         Harm     .   (no cloak)
rCorr    .         Rampage  .   (no gloves)
Will     .....                  (no boots)
Stlth    ..........             (no amulet)
HPRegen  1.07/turn              x - ring of see invisible
MPRegen  0.09/turn              (no ring)

@: no status effects
A: fangs 2, regeneration 1, magic shield, antimagic bite, no potion heal 2
a: no special abilities


You were on level 4 of the Dungeon.
You visited 1 branch of the dungeon, and saw 4 of its levels.

You collected 137 gold pieces.

Inventory:

Hand Weapons
 a - a +0 long sword (weapon)
 h - a +2 short sword of holy wrath
 t - a +0 hunting sling
Missiles
 e - 42 poisoned darts (quivered)
 g - 79 sling bullets
 j - 23 arrows
 m - a stone
 s - 8 javelins
 v - 18 bolts
Armour
 b - a +0 scale mail (worn)
 c - a +0 kite shield (worn)
Jewellery
 x - a ring of see invisible (left hand)
Scrolls
 f - 3 scrolls of teleportation {unknown}
 i - a scroll of amnesia {unknown}
 p - a scroll of magic mapping {unknown}
 q - a scroll of blinking {unknown}
 r - a scroll of identify {unknown}
 w - a scroll of enchant armour {unknown}
Potions
 d - a potion of might
 k - a potion of lignification {unknown}
 l - a potion of magic {unknown}
 n - a potion of brilliance {unknown}
 o - 3 potions of attraction {unknown}
 u - a potion of heal wounds {unknown}
 z - a potion of curing {unknown}


   Skills:
 - Level 2.6 Fighting
 - Level 1.7 Long Blades
 - Level 2.4 Armour
 + Level 4.5 Shields


You had 3 spell levels left.
You didn't know any spells.
Your spell library was empty.

Dungeon Overview and Level Annotations

Branches:
Dungeon (4/15)
 Temple: D:4-7

Altars:
Dithmenos
Kikubaaqudgha
Vehumet


Innate Abilities, Weirdness & Mutations

You have extremely sharp teeth.
Your natural rate of healing is unusually fast.
When hurt, damage is shared between your health and your magic reserves.
Your bite disrupts and absorbs the magic of your enemies.
Potions cannot restore your health.


Message History

You hit the ogre but do no damage. You block the ogre's attack. x2
You hit the ogre.
The ogre is lightly wounded.
The ogre hits you with a +0 giant club.
You hit the ogre but do no damage.
The ogre is lightly wounded.
You block the ogre's attack.
You hit the ogre. Your bite misses the ogre.
The ogre is heavily wounded.
The ogre hits you with a +0 giant club!!
Ouch! That really hurt!
You are too injured to fight recklessly!
You are too injured to fight recklessly!
You are too injured to fight recklessly!
You are too injured to fight recklessly!
You are too injured to fight recklessly!
You are too injured to fight recklessly!
You hit the ogre. You bite the ogre. You drain its power.
You feel invigorated.
The ogre is severely wounded.
The ogre hits you with a +0 giant club!
* * * LOW HITPOINT WARNING * * *
Your scale mail prevents you from hitting the ogre.
The ogre is severely wounded.
You block the ogre's attack.
You completely miss the ogre.
The ogre is severely wounded.
You block the ogre's attack.
You hit the ogre. You bite the ogre. You drain its power.
You feel invigorated.
The ogre is severely wounded.
You block the ogre's attack. The ogre closely misses you.
You hit the ogre.
The ogre is almost dead.
The ogre hits you with a +0 giant club!!
Ouch! That really hurt!
* * * LOW HITPOINT WARNING * * *
You hit the ogre. Your bite misses the ogre.
The ogre is almost dead.
The ogre hits you with a +0 giant club!!
Ouch! That really hurt!
You die...

#......... ##.........
#..........
#####.........
##.#.#.........
#..#...........
##.......##....
#....###O# ...
##....###@# ..
#####......##..# .##..
#..........#...##.##..
#..............#......
###........#####........
#........#..# ##.......
###.....##.#####.......
#####.....#...##....#
..#....#............#


You could see an ogre.

Vanquished Creatures
  A gnoll (D:1)
  An adder (D:4)
  A worm (D:2)
  2 dart slugs
  3 bats
  2 endoplasms
  A giant cockroach (D:2)
  3 goblins
  6 hobgoblins
  6 jackals (D:1)
  A quokka (D:1)
  5 ball pythons
  4 frilled lizards
  4 kobolds
  5 rats
45 creatures vanquished.

Notes
Turn   | Place    | Note
-------+----------+-------------------------------------------
     0 | D:1      | Descartes the Vine Stalker Fighter began the quest for the
                  | Orb.
     0 | D:1      | Reached XP level 1. HP: 11/11 MP: 2/2
    20 | D:1      | Reached skill level 3 in Shields
    65 | D:1      | Reached XP level 2. HP: 4/16 MP: 0/3
   596 | D:1      | Reached XP level 3. HP: 11/19 MP: 2/4
  1292 | D:2      | Reached skill level 4 in Shields
  1776 | D:2      | Gained mutation: Your natural rate of healing is unusually
                  | fast. [Vine Stalker growth]
  1776 | D:2      | Reached XP level 4. HP: 14/23 MP: 3/5
  2226 | D:3      | Found a shadowy altar of Dithmenos.
  2307 | D:3      | Found a radiant altar of Vehumet.
  2309 | D:3      | Found an ancient bone altar of Kikubaaqudgha.
  2589 | D:4      | Noticed an ogre
  2605 | D:4      | HP: 1/23 [ogre (13)]
  2606 | D:4      | Demolished by an ogre

Illustrated notes

Levels and vault maps discovered:
D:1:      eino_arrival_tree_alley, layout_loops_ring,
          minmay_misc_feat_four_crosses, hangedman_decor_points
D:2:      layout_rooms
D:3:      layout_rooms, mainiacjoe_overflow_six_doors_small,
          mainiacjoe_overflow_catwalk_spiral, serial_bayou,
          serial_bayou_lagoon_a, serial_bayou_ford_a, serial_bayou_pond_d,
          serial_bayou_shore_b
D:4:      minmay_octagon_keep, layout_cave_pools, lemuel_temple_firewalk_a,
          uniq_ijyb

Skill      XL: |  1  2  3 |
---------------+----------+-----
Shields        | 3 4 |  4.5
Fighting       | |  2.6
Long Blades    | |  1.7
Armour         | |  2.4

Action                   |  1- 3 |  4- 6 || total
-------------------------+-------+-------++-------
Melee: Long sword        |    84 |    26 ||   110
       Bite              |    18 |     7 ||    25
Armor: Scale mail        |    43 |     6 ||    49
Dodge: Dodged            |    29 |     6 ||    35
Block: Kite shield       |    57 |    12 ||    69
       Rpst.: Long sword |    13 |     2 ||    15
